 Dungeon Crawl Stone Soup version 0.32-a0-814-g0968bab981 (webtiles) character file.

Game seed: 897590457965861496

35 Fodor the Covered (level 3, 0/33 HPs)
             Began as a Minotaur Fighter on Mar 22, 2024.
             Slain by a goblin
             ... wielding a +0 club
             ... led by Robin
              (5 damage)
             ... on level 2 of the Dungeon.
             The game lasted 00:02:23 (409 turns).

Fodor the Covered (Minotaur Fighter)                 Turns: 409, Time: 00:02:23

Health: 0/33       AC:  7    Str: 22    XL:     3   Next: 17%
Magic:  2/2        EV:  8    Int:  5    God:
Gold:   14         SH:  6    Dex:  9    Spells: 2/2 levels left

rFire   . . .        a - +0 war axe
rCold   . . .        g - +2 buckler
rNeg    . . .        b - +0 scale mail
rPois   .            (helmet restricted)
rElec   .            (no cloak)
rCorr   .            (no gloves)
SInv    .            (no boots)
Will    .....        (no amulet) Stlth
                     (no ring)
HPRegen 0.25/turn    (no ring)
MPRegen 0.08/turn

%: no passive effects
@: no status effects
A: horns 2, retaliatory headbutt
a: no special abilities


You were on level 2 of the Dungeon.
You visited 1 branch of the dungeon, and saw 2 of its levels.

You collected 14 gold pieces.

Inventory:

Hand Weapons
 a - a +0 war axe (weapon)
Armour
 b - a +0 scale mail (worn)
 g - a +2 buckler (worn)
Scrolls
 e - a scroll of identify {unknown}
 f - 2 scrolls of teleportation {unknown}
Potions
 d - a potion of might


   Skills:
 + Level 4.1 Fighting
 + Level 2.8 Axes
 + Level 4.1 Armour
 + Level 4.1 Shields


You had 2 spell levels left.
You didn't know any spells.
Your spell library was empty.

Dungeon Overview and Level Annotations

Branches:
Dungeon (1/15)

Altars:

Annotations:
D:2 Robin


Innate Abilities, Weirdness & Mutations

You have a pair of horns on your head.
You reflexively headbutt those who attack you in melee.


Message History

The goblin barely misses you. Robin throws the goblin at you!
The goblin hits you but does no damage. You block the goblin's attack. x2
The goblin barely misses you. The goblin hits you with a +0 club. x2
You have reached level 3!
Your experience leads to an increase in your attributes!
Increase (S)trength, (I)ntelligence, or (D)exterity?
You feel stronger. x2
You slash the goblin!
You kill the goblin!
You closely miss the goblin. You barely miss the goblin. You hit the goblin.
The goblin hits you but does no damage. x2
You hit the goblin.
You kill the goblin!
You barely miss the goblin. You hit the goblin. The goblin closely misses you.
You block the goblin's attack.
You closely miss the goblin. You headbutt the goblin.
You kill the goblin!
You barely miss the goblin. You closely miss the goblin.
You block Robin's attack. The goblin barely misses you.
You furiously retaliate!
You headbutt the goblin!
You kill the goblin!
The goblin hits you with a +0 dagger.
Robin hits you from afar with a +0 spear.
The goblin hits you with a +0 dagger.
You closely miss the goblin.
The goblin no longer looks unusually strong.
Robin hits you from afar with a +0 spear.
* * * LOW HITPOINT WARNING * * *
The goblin hits you but does no damage.
You slash the goblin!
You kill the goblin!
Robin throws the goblin at you! The goblin hits you with a +0 club.
* * * LOW HITPOINT WARNING * * *
Robin throws the goblin at you! The goblin hits you but does no damage.
The goblin hits you with a +0 club.
* * * LOW HITPOINT WARNING * * *
You barely miss the goblin. You slash the goblin!
You kill the goblin!
The goblin hits you with a +0 club.
You die...

#####...## #....... ##.##
#####... #.# #.## #.#
#.## ##'## #... ##...##
#.## ##.....## #.## # #
##.......## ##...
#...#.##@_.......####...#
......g))g.......+.......
#...####∩.⌠......###.....
# ##.......## #.#.##
##.....## #.#.## ##...##
#.#.## ##+#######.#.##
#........#.#.##
######..#####.#.#.##


You could see Robin and a goblin (strong).

Vanquished Creatures
  An adder (D:2)
  A ribbon worm (D:2)
  4 endoplasms
  11 goblins
  A quokka (D:2)
  2 ball pythons (D:1)
  A frilled lizard (D:1)
  A kobold (D:1)
22 creatures vanquished.

Notes
Turn   | Place    | Note
-------+----------+-------------------------------------------
     0 | D:1      | Fodor the Minotaur Fighter began the quest for the Orb.
     0 | D:1      | Reached XP level 1. HP: 19/19 MP: 0/0
   157 | D:1      | Reached XP level 2. HP: 27/27 MP: 1/1
   216 | D:1      | You fall into a shaft and drop 1 floor!
   380 | D:2      | Found a faded altar of an unknown god.
   395 | D:2      | Noticed Robin
   404 | D:2      | Reached XP level 3. HP: 15/33 MP: 2/2
   409 | D:2      | Slain by a goblin

Illustrated notes

Levels and vault maps discovered:
D:1:      psy_arrival_terrarium, layout_loops_ring,
          chequers_serial_rivers_small_b, skrybe_limestone_x
D:2:      layout_loops_corners, ebering_ecumenical_altar_abandoned, basic_altar,
          serial_shops, nicolae_shop_just_a_little_nook, st_stairs_1, uniq_robin

Skill      XL: |  1  2 |
---------------+-------+-----
Armour         | 4 |  4.1
Fighting       | 4 |  4.1
Shields        | 4 |  4.1
Axes           | |  2.8

Action                     || total
---------------------------++-------
  Melee: War axe           ||    34
         Headbutt          ||     4
 Armour: Scale mail        ||    46
  Dodge: Dodged            ||    13
  Block: Buckler           ||    10

Table legend: (Time is in decaauts)
 A = Elapsed time spent in this place.
 B = Non-inter-level travel time spent in this place.
 C = Inter-level travel time spent in this place.
 D = Time resting spent in this place.
 E = Time spent auto-exploring this place.
 F = Levels seen in this place.
 G = Mean time per level.
                   A        B        C        D        E       F      G
               +--------+--------+--------+--------+--------+-----+--------+
         Total |    422 |    422 |      0 |      0 |    295 |   2 |  211.0 |
       Dungeon |    422 |    422 |      0 |      0 |    295 |   2 |  211.0 |
               +--------+--------+--------+--------+--------+-----+--------+

Top non-repeatable levels by time:
     D:1: 222 daAuts
     D:2: 199 daAuts
